Map: Orbital Shipyard

Players

lesha - Winner!

  • Race: Terran Terran
  • League: Gold

Darknes

  • Race: Protoss Protoss
  • League: Gold

VOD

Have the link to the VOD?

Description

Time

  • Played on: Jan. 11, 2016, 9:21 a.m.
  • Length: 7:33
Show
View Real Time Build Order
Export as new Build Order

lesha Terran - Winner!

Build Orders: Reaper Expand, MMM Bio 

Get SALT Encoding   

  12  0:01  SCV  
  13  0:13  SCV  
  14  0:18  Supply Depot  
  14  0:25  SCV  
  15  0:40  SCV  
  15  0:41  Barracks  
  16  0:44  Refinery  
  16  0:52  SCV  
  18  1:04  SCV  
  18  1:16  SCV  
  19  1:30  Reaper  
  19  1:31  Orbital Command  
  20  1:43  Command Center  
  20  1:54  Supply Depot  
  20  1:57  Refinery  
  20  2:00  SCV  
  21  2:14  Barracks Reactor  
  21  2:16  SCV  
  21  2:17  Barracks  
  22  2:33  Factory  
  22  2:34  SCV  
  23  2:46  SCV  
  24  2:55  Marine x2  
  26  2:58  SCV  
  28  3:06  Orbital Command  
  28  3:08  Bunker  
  28  3:11  SCV  
  28  3:12  Barracks Tech Lab  
  28  3:17  Factory Tech Lab  
  28  3:26  Barracks  
  28  3:27  Marine x2  
  28  3:30  SCV  
  28  3:32  Marauder  
  28  3:33  SCV  
  34  3:42  SCV, Siege Tank  
  34  3:46  SCV  
  39  3:51  Supply Depot  
  39  3:52  Marine x2  
  39  3:54  SCV  
  44  3:56  Marauder  
  44  3:59  Stimpack  
  44  4:04  SCV  
  44  4:06  SCV  
  46  4:12  Marine x2  
  46  4:16  Supply Depot  
  48  4:19  Barracks Tech Lab  
  48  4:20  Marauder  
  48  4:21  Siege Tank  
  53  4:31  Marine  
  53  4:37  Marine  
  55  4:41  SCV x2, Supply Depot  
  55  4:43  Marauder x2  
  61  4:52  Marine  
  62  4:53  Starport  
  62  5:02  Supply Depot, Marine  
  62  5:03  Marine  
  62  5:04  Supply Depot, Marine  
  60  5:18  Marine  
  60  5:20  SCV x2, Marine  
  64  5:27  Supply Depot  
  64  5:29  Engineering Bay  
  64  5:30  Supply Depot  
  64  5:32  SCV x2  
  64  5:33  Marauder x2  
  70  5:39  Combat Shields  
  70  5:44  SCV x2  
  72  5:57  Barracks  
  72  5:58  Barracks  
  72  6:00  Marine x3  
  72  6:01  Marauder  
  76  6:53  Marine x4  
  78  6:55  Siege Tank  
  75  7:10  Marine  
  75  7:11  Marauder, Marine x2  
Show
View Real Time Build Order
Export as new Build Order

Darknes Protoss 

Build Orders: Blink Stalkers 

Get SALT Encoding   

  12  0:01  Probe (Chrono Boost)  
  13  0:11  Probe (Chrono Boost)  
  14  0:18  Pylon  
  14  0:22  Probe (Chrono Boost)  
  15  0:36  Gateway  
  15  0:41  Assimilator  
  15  0:44  Probe (Chrono Boost)  
  16  0:54  Probe (Chrono Boost)  
  16  0:55  Assimilator  
  17  1:05  Probe (Chrono Boost)  
  18  1:11  Pylon  
  18  1:15  Probe (Chrono Boost)  
  19  1:26  Cybernetics Core, Probe (Chrono Boost)  
  20  1:35  Gateway  
  20  1:45  Probe (Chrono Boost)  
  21  1:51  Gateway  
  21  2:00  Probe  
  22  2:04  Warp Gate  
  22  2:09  Twilight Council  
  22  2:18  Stalker (Chrono Boost)  
  22  2:21  Probe  
  27  2:34  Stalker (Chrono Boost)  
  27  2:38  Pylon  
  27  3:07  Blink (Chrono Boost)  
  27  3:10  Stalker x2  
  31  3:27  Mothership Core  
  33  3:52  Pylon  
  33  4:07  Stalker x2  
  33  4:08  Stalker  
  39  4:23  Nexus  
  39  4:31  Stalker x2  
  39  4:33  Stalker  
  39  4:36  Probe  
  46  4:43  Pylon  
  46  4:48  Probe  
  47  5:01  Probe  
  32  5:13  Probe  
  28  5:20  Stargate  
  28  5:25  Probe  
  29  5:34  Probe (Chrono Boost)  
  30  5:38  Probe (Chrono Boost)  
  31  5:46  Probe (Chrono Boost)  
  31  5:48  Probe (Chrono Boost)  
  31  5:49  Stalker  
  35  5:50  Stalker  
  35  5:56  Stalker, Probe (Chrono Boost)  
  40  5:59  Probe (Chrono Boost)  
  41  6:06  Probe (Chrono Boost)  
  41  6:07  Phoenix (Chrono Boost)  
  41  6:09  Probe (Chrono Boost)  
  45  6:16  Probe  
  45  6:30  Phoenix (Chrono Boost)  
Tags
 
Add a new tag
Caveats
  • Supply blocks, unpowered buildings, or Contaminate may cause inaccurate times.
  • Supply counts are checked every 10 seconds.